Map: Rhoskallian LE

Players

Massa

  • Race: Terran Terran
  • Spawn Location: 11:00

qqq

  • Race: Protoss Protoss
  • Spawn Location: 12:00

GragNik - Winner!

  • Race: Zerg Zerg
  • Spawn Location: 6:00

faki - Winner!

  • Race: Zerg Zerg
  • League: Diamond
  • Spawn Location: 5:00

VOD

Have the link to the VOD?

Description

Time

  • Played on: June 13, 2020, 8:02 a.m.
  • Length: 9:59
Show
View Real Time Build Order
Export as new Build Order

Massa Terran 

Build Orders:  

Get SALT Encoding   

  12  0:07  SCV  
  13  0:17  Supply Depot  
  13  0:19  SCV  
  14  0:31  SCV  
  15  0:41  Barracks  
  15  0:43  SCV  
  16  0:56  SCV  
  17  1:08  SCV  
  18  1:23  SCV  
  19  1:28  Marine  
  19  1:29  Command Center  
  20  1:34  Supply Depot  
  20  1:42  SCV  
  20  1:46  Marine  
  22  1:50  Refinery  
  22  1:54  SCV  
  22  1:56  Refinery  
  23  2:13  Barracks, Marine  
  24  2:18  SCV  
  25  2:30  SCV  
  25  2:31  Marine  
  27  2:43  SCV  
  28  2:45  SCV  
  28  2:48  Marine  
  30  2:55  SCV  
  30  2:57  SCV  
  32  3:04  Barracks Tech Lab  
  32  3:06  Marine  
  32  3:09  SCV  
  32  3:10  Factory  
  35  3:13  Orbital Command  
  35  3:19  Engineering Bay  
  34  3:21  SCV  
  34  3:26  Concussive Shells  
  35  3:32  Marauder  
  35  3:33  SCV  
  38  3:40  SCV  
  39  3:45  SCV  
  40  3:51  Terran Infantry Weapons Level 1  
  40  3:52  SCV  
  40  3:53  Marauder  
  43  3:58  Orbital Command  
  43  4:00  Factory Tech Lab  
  43  4:04  SCV  
  43  4:05  Refinery  
  44  4:10  Stimpack  
  44  4:12  Marine  
  44  4:16  SCV  
  46  4:26  Supply Depot  
  46  4:29  Supply Depot  
  46  4:34  Missile Turret  
  46  4:41  Supply Depot  
  46  4:47  Marine  
  46  4:48  SCV, Marauder, Siege Tank  
  46  4:52  Supply Depot  
  53  4:54  SCV  
  54  5:00  SCV  
  54  5:05  Marine  
  54  5:06  SCV  
  57  5:09  Marine  
  57  5:12  SCV  
  59  5:20  Siege Tank  
  62  5:23  Marine  
  62  5:27  Marauder  
  60  5:41  Marine  
  59  5:45  Terran Infantry Armor Level 1  
  59  5:46  Barracks  
  59  5:48  Marauder  
  59  5:58  Marine  
  60  6:10  Marauder  
  62  6:16  Marine  
  63  6:26  SCV x2  
  63  6:31  Marauder  
  64  6:33  Supply Depot  
  64  6:34  Marine  
  64  6:37  Barracks  
  64  6:38  Barracks Reactor, SCV  
  66  6:52  Starport  
  66  6:53  Marauder  
  68  6:56  Supply Depot  
  68  7:00  Armory  
  68  7:01  Supply Depot  
  68  7:02  Supply Depot x2  
  68  7:09  Command Center  
  68  7:10  Barracks Tech Lab  
  68  7:14  Marauder  
  70  7:15  Marine x2  
  70  7:18  Siege Tank  
  70  7:20  Supply Depot  
  75  7:25  Combat Shield  
  75  7:26  Supply Depot  
  75  7:30  Medivac  
  75  7:33  Marine x2  
  75  7:35  Marauder  
  81  7:43  Supply Depot  
  81  7:50  Siege Tank  
  81  7:51  Marine x2  
  84  7:57  Marauder  
  88  8:00  Medivac  
  88  8:02  Supply Depot  
  90  8:05  Supply Depot  
  90  8:09  Marine  
  90  8:10  Barracks Tech Lab  
  93  8:13  Marauder  
  93  8:14  Marine  
  93  8:18  Marauder  
  96  8:22  Thor  
  96  8:26  Missile Turret  
  96  8:27  Supply Depot, Marine  
  102  8:28  Missile Turret x2  
  102  8:31  Marine  
  106  8:34  Marauder  
  106  8:39  Marauder  
  108  8:44  Marine  
  109  8:49  Marine  
  112  8:55  Marauder  
  112  9:01  Marauder  
  112  9:02  Marine  
  115  9:10  Missile Turret  
  115  9:11  Missile Turret  
  115  9:12  Marauder, Missile Turret x2  
  115  9:13  Missile Turret  
  115  9:14  Marine  
  120  9:17  Marauder  
  120  9:22  Marauder  
  122  9:32  Missile Turret  
  122  9:33  Marauder  
  126  9:38  Marauder  
  126  9:43  Missile Turret x2  
  126  9:44  Missile Turret x2  
Show
View Real Time Build Order
Export as new Build Order

qqq Protoss 

Build Orders:  

Get SALT Encoding   

  12  0:05  Probe  
  13  0:17  Probe  
  14  0:23  Pylon  
  14  0:31  Probe  
  14  0:34  Pylon  
  15  0:43  Probe  
  16  0:53  Gateway  
  16  0:55  Probe  
  17  1:03  Assimilator  
  17  1:07  Probe  
  17  1:11  Assimilator  
  18  1:34  Probe  
  19  1:46  Probe  
  20  1:58  Probe  
  21  2:04  Cybernetics Core  
  21  2:10  Probe  
  22  2:19  Zealot  
  22  2:22  Probe  
  25  2:40  Probe  
  26  2:46  Robotics Facility  
  26  2:52  Probe  
  26  2:57  Nexus  
  27  3:04  Probe  
  28  3:12  Robotics Facility  
  28  3:16  Pylon, Probe  
  29  3:28  Probe  
  30  3:40  Probe  
  31  3:42  Immortal  
  35  3:52  Probe  
  36  4:05  Probe  
  36  4:08  Immortal  
  36  4:09  Pylon  
  41  4:15  Pylon  
  41  4:18  Probe  
  42  4:31  Probe  
  43  4:38  Immortal  
  47  4:43  Probe  
  48  4:48  Observer  
  48  4:50  Sentry  
  51  4:55  Probe  
  52  5:07  Probe  
  52  5:09  Immortal  
  57  5:16  Sentry  
  57  5:19  Probe  
  57  5:31  Immortal, Probe  
  62  5:42  Zealot  
  64  5:43  Probe  
  64  5:48  Immortal  
  66  6:10  Immortal  
  70  6:16  Pylon  
  63  6:28  Immortal  
  63  6:34  Stargate  
  63  6:49  Immortal  
  67  7:02  Assimilator  
  67  7:04  Probe  
  67  7:08  Assimilator  
  68  7:12  Assimilator  
  68  7:16  Probe  
  69  7:23  Phoenix  
  69  7:28  Probe  
  72  7:40  Probe  
  73  7:53  Observer  
  73  8:02  Phoenix  
  71  8:36  Phoenix  
  69  8:47  Probe  
  64  8:59  Probe  
  64  9:01  Phoenix  
  67  9:11  Probe x2  
  69  9:19  Pylon  
  69  9:21  Pylon  
  69  9:23  Probe  
  70  9:31  Forge  
  70  9:37  Probe x2  
  74  9:38  Pylon  
  74  9:43  Pylon  
Show
View Real Time Build Order
Export as new Build Order

GragNik Zerg - Winner!

Build Orders: Hatch First, Roach Nydus 

Get SALT Encoding   

  12  0:01  Drone  
  13  0:14  Overlord  
  13  0:22  Drone  
  14  0:32  Drone x2  
  16  0:41  Drone  
  17  0:59  Drone  
  17  1:00  Hatchery  
  17  1:08  Extractor  
  16  1:13  Spawning Pool  
  16  1:15  Drone  
  16  1:20  Drone  
  16  1:23  Drone  
  18  1:34  Drone  
  19  1:46  Drone  
  20  1:56  Overlord  
  20  2:03  Extractor  
  20  2:07  Drone  
  20  2:12  Roach Warren  
  20  2:13  Drone  
  20  2:16  Queen  
  20  2:19  Queen  
  24  2:24  Drone  
  24  2:25  Drone  
  26  2:31  Drone  
  27  2:37  Drone  
  27  2:38  Drone  
  29  2:45  Drone x2  
  31  2:56  Lair  
  31  3:02  Queen  
  33  3:06  Drone  
  33  3:11  Overlord  
  34  3:14  Drone  
  35  3:22  Drone  
  36  3:29  Drone x3, Extractor  
  36  3:30  Overlord  
  36  3:32  Drone  
  39  3:34  Drone  
  40  3:46  Drone x4  
  44  3:49  Overlord  
  44  3:52  Overlord  
  44  4:02  Nydus Network  
  43  4:06  Roach x2  
  47  4:11  Hydralisk Den  
  47  4:12  Drone  
  47  4:14  Roach  
  49  4:22  Roach x3  
  55  4:30  Roach  
  55  4:31  Roach x2  
  61  4:47  Roach  
  61  4:48  Roach x2  
  61  4:49  Overlord  
  61  4:50  Overlord  
  67  5:00  Nydus Canal  
  67  5:07  Queen, Hydralisk x2  
  67  5:12  Overseer  
  67  5:14  Hydralisk x3  
  63  5:41  Hydralisk  
  63  5:42  Hydralisk x2  
  69  5:53  Nydus Canal  
  69  5:57  Roach  
  69  6:02  Extractor  
  70  6:10  Spore Crawler  
  69  6:20  Roach x5  
  69  6:21  Roach  
  67  6:43  Hydralisk x2  
  67  6:44  Hydralisk x2  
  75  7:07  Hydralisk x4  
  83  7:20  Nydus Canal, Hatchery  
  82  7:23  Roach  
  82  7:28  Overlord  
  82  7:29  Overlord x4  
  84  7:35  Hatchery  
  83  7:41  Glial Reconstitution  
  83  7:45  Grooved Spines  
  83  8:10  Hydralisk  
  83  8:11  Hydralisk x5  
  95  8:33  Hydralisk x5  
  105  8:40  Nydus Canal  
  99  9:06  Drone  
  99  9:08  Drone x2  
  99  9:09  Drone x7  
  110  9:10  Drone x2  
  110  9:16  Queen  
  113  9:24  Drone x3  
  114  9:28  Overseer  
  116  9:35  Evolution Chamber  
  116  9:37  Evolution Chamber  
  114  9:39  Overseer  
  114  9:45  Drone x3  
  116  9:46  Drone x4  
Show
View Real Time Build Order
Export as new Build Order

faki Zerg - Winner!

Build Orders: Hatch First, Muta Ling Bane 

Get SALT Encoding   

  12  0:01  Drone  
  13  0:10  Drone  
  14  0:19  Overlord  
  14  0:37  Drone  
  15  0:46  Extractor  
  14  0:56  Hatchery  
  13  0:58  Drone  
  13  1:00  Drone  
  15  1:22  Spawning Pool  
  14  1:48  Extractor  
  14  1:50  Drone  
  14  1:58  Hatchery  
  14  1:59  Drone  
  14  2:00  Drone  
  16  2:08  Drone  
  17  2:12  Drone  
  18  2:25  Queen  
  20  2:31  Metabolic Boost  
  20  2:36  Drone x2  
  23  2:45  Extractor  
  23  2:46  Drone x3  
  23  2:47  Zergling x2  
  23  2:50  Drone  
  27  2:57  Queen, Extractor  
  28  3:04  Overlord  
  28  3:12  Overlord  
  28  3:21  Queen  
  28  3:22  Zergling x6  
  28  3:26  Drone x2  
  35  3:38  Drone x3  
  35  3:39  Drone  
  35  3:40  Drone  
  40  3:45  Drone  
  41  3:54  Drone  
  41  3:55  Queen  
  42  3:59  Overlord  
  44  4:04  Overlord  
  44  4:22  Drone  
  44  4:23  Drone x5  
  50  4:25  Baneling Nest  
  50  4:27  Extractor  
  50  4:29  Lair  
  50  4:31  Zergling x2  
  49  4:44  Queen  
  51  4:45  Overlord  
  51  4:46  Zergling x6  
  54  5:03  Zergling x8  
  54  5:04  Zergling x8  
  62  5:12  Baneling  
  62  5:13  Baneling x4  
  62  5:14  Zergling x2  
  62  5:16  Baneling x2  
  60  5:43  Drone x2  
  60  5:44  Drone x6  
  63  5:52  Zergling x6  
  61  6:04  Drone x4  
  59  6:07  Centrifical Hooks  
  59  6:09  Spire  
  59  6:11  Zergling x6  
  64  6:12  Evolution Chamber  
  64  6:13  Baneling  
  64  6:15  Overlord  
  62  6:37  Hatchery  
  60  6:47  Extractor  
  59  6:54  Zergling x2  
  59  6:55  Zergling x14  
  67  7:01  Zerg Melee Weapons Level 1  
  67  7:03  Overlord x2  
  67  7:04  Overlord x3  
  67  7:26  Mutalisk x5  
  77  7:30  Mutalisk  
  77  7:32  Zergling x6  
  77  7:33  Zergling x4  
  84  7:46  Overlord x3  
  84  7:52  Mutalisk  
  84  7:55  Zergling x4  
  88  8:11  Infestation Pit  
  88  8:12  Evolution Chamber, Drone  
  88  8:13  Drone x7  
  94  8:34  Mutalisk x2  
  96  9:00  Mutalisk x3  
  102  9:22  Zergling x16  
  102  9:23  Zergling x8  
Tags
 
Add a new tag
Caveats
  • Supply blocks, unpowered buildings, or Contaminate may cause inaccurate times.
  • Supply counts are checked every 10 seconds.